 Dungeon Crawl Stone Soup version 0.28-a0-657-g71136c5590 (webtiles) character file.

Game seed: 12043030900924874907

918 KristoblXynda the Slasher (level 7, -1/55 HPs)
             Began as a Vampire Gladiator on Oct 13, 2021.
             Slain by Edmund (3 damage)
             ... on level 5 of the Dungeon.
             The game lasted 00:06:04 (4551 turns).

KristoblXynda the Slasher (Vampire Gladiator)       Turns: 4551, Time: 00:06:05

Health: -1/55      AC:  6    Str: 15    XL:     7   Next: 83%
Magic:  7/7        EV: 14    Int: 10    God:
Gold:   189        SH:  0    Dex: 16    Spells: 6/6 levels left

rFire   . . .      SeeInvis +   a - +0 long sword
rCold   . . .      Faith    .   (no shield)
rNeg    . . .      Spirit   .   d - +0 troll leather armour {Purgy}
rPois   .          Reflect  .   c - +1 helmet
rElec   .          Harm     .   (no cloak)
rCorr   .          Rampage  .   (no gloves)
Will    .....                   (no boots)
Stlth   +.........              (no amulet)
HPRegen 1.38/turn               (no ring)
MPRegen 0.10/turn               (no ring)

@: healing quickly
A: alive, fangs 3, see invisible, vampiric 2
a: Exsanguinate


You were on level 5 of the Dungeon.
You visited 1 branch of the dungeon, and saw 5 of its levels.
You also visited: Sewer.

You collected 189 gold pieces.

Inventory:

Hand Weapons
 a - a +0 long sword (weapon)
 g - the +11 great mace of Immutrey {vorpal, SInv}
   (You found it on level 4 of the Dungeon)

   It inflicts extra damage upon your enemies.
   SInv:      It lets you see invisible.
Missiles
 n - 2 throwing nets (quivered)
Armour
 c - a +1 helmet (worn)
 d - a +0 troll leather armour (worn) {Purgy}
Scrolls
 e - 2 scrolls of summoning
 f - 2 scrolls of immolation
 i - 2 scrolls of teleportation
 j - 2 scrolls of magic mapping {unknown}
 l - a scroll of enchant armour
 m - a scroll of blinking {unknown}
 o - a scroll of enchant weapon {unknown}
 p - a scroll of brand weapon {unknown}
Potions
 b - a potion of resistance
 h - a potion of heal wounds
 k - a potion of invisibility


   Skills:
 + Level 4.3 Fighting
 + Level 6.5 Long Blades
 - Level 2.0 Throwing
 + Level 1.2 Armour
 + Level 5.9 Dodging


You had 6 spell levels left.
You didn't know any spells.
Your spell library contained the following spells:

 Spells                   Type           Power      Damage    Failure   Level
 Animate Skeleton         Necr           0%         N/A       43%         1
 Apportation              Tloc           0%         N/A       43%         1
 Summon Small Mammal      Summ           0%         N/A       43%         1
 Corpse Rot               Necr/Air       N/A        N/A       56%         2
 Poisonous Vapours        Pois/Air       0%         N/A       56%         2
 Portal Projectile        Hex/Tloc       0%         N/A       80%         3
 Passage of Golubria      Tloc           N/A        N/A       99%         4
 Blade Hands              Tmut           0%         N/A       100%        5
 Excruciating Wounds      Necr           0%         N/A       100%        5
 Silence                  Hex/Air        0%         N/A       100%        5
 Lehudib's Crystal Spear  Conj/Erth      0%         10d2      100%        8


Dungeon Overview and Level Annotations

Branches:
Dungeon (5/15)              Sewer (visited)
 Temple: D:4-7

Altars:

Annotations:
D:5 Edmund


Innate Abilities, Weirdness & Mutations

Your natural rate of healing is accelerated.
You have razor-sharp teeth.
You have supernaturally acute eyesight. (SInv)
You are afflicted with vampirism and can become a bat while bloodless.


Message History

No target in view!
No target in view!
No target in view!
No target in view!
No target in view!
No target in view!
No target in view!
No target in view!
No target in view!
No target in view!
No target in view!
No target in view!
j - 2 scrolls labelled TISAKI ZEUR (gained 1)
Found a stone staircase leading up.
There is a stone staircase leading up here.
p - a scroll labelled KUATHI CUIG
Found 22 stones.
No target in view!
No target in view!
No target in view!
Edmund the Younger comes into view.
He is wielding a +2 flail of holy wrath and wearing a +0 chain mail of cold resistance.
Edmund is nearby!
Edmund is nearby!
Edmund shouts!
Edmund hits you with a +2 flail of holy wrath!
You convulse.
You hit Edmund but do no damage.
Edmund hits you with a +2 flail of holy wrath!
You convulse!
You closely miss Edmund.
Edmund hits you with a +2 flail of holy wrath!
* * * LOW HITPOINT WARNING * * *
You convulse!
* * * LOW HITPOINT WARNING * * *
You hit Edmund but do no damage. You bite Edmund.
Edmund is lightly wounded.
Edmund hits you with a +2 flail of holy wrath.
* * * LOW HITPOINT WARNING * * *
You convulse.
You die...

####.##.# #..#
#####....##.# #..#
##
###.....####..###..#
.. #)..#####
#.#.....# ## ##.###
#.#.###.# # #..#
#.#.###.# ## #.##
###..(##..# ..# ##.#
#@...###.##
#..##..## #####@#.#
#.# #.(....#
##....(#.# #.#
###.##.# #..#####.#
#.# ##..##.###.##
#.# #.# #..###..#..#
#.# #.#
##..####...## #.#
#.# .......##...###
#.# #.#
.##.##.#......####.#
#.#
.#..##....###...#..#
#.#


You could see Edmund.

Vanquished Creatures
  Eustachio (D:4)
  Purgy (Sewer)
  A black bear (D:4)
  A necrophage (D:4)
  A water moccasin skeleton (D:4)
  A jelly (D:4)
  A hound (D:5)
  An iguana (D:4)
  4 orc wizards
  A hound skeleton (D:4)
  7 adders
  A gnoll (D:2)
  A howler monkey skeleton (D:3)
  A white imp (D:5)
  2 worms
  6 dart slugs
  20 orcs
  9 endoplasms
  7 giant cockroaches
  7 hobgoblins
  12 jackals
  6 quokkas
  8 ball pythons
  8 bats
  5 frilled lizards
  6 goblins
  3 kobolds
  3 rats
125 creatures vanquished.

Notes
Turn   | Place    | Note
-------+----------+-------------------------------------------
     0 | D:1      | KristoblXynda the Vampire Gladiator began the quest for the
                  | Orb.
     0 | D:1      | Reached XP level 1. HP: 16/16 MP: 1/1
   158 | D:1      | Reached XP level 2. HP: 18/22 MP: 2/2
   400 | D:1      | Gained mutation: You are afflicted with vampirism and can
                  | become a bat while bloodless. [Vampire growth]
   400 | D:1      | Reached XP level 3. HP: 22/27 MP: 3/3
   714 | D:1      | Found a faded altar of an unknown god.
  1343 | D:2      | Reached XP level 4. HP: 34/34 MP: 4/4
  1760 | D:3      | Reached skill level 4 in Long Blades
  2054 | D:3      | Found a glowing drain.
  2080 | Sewer    | Entered a sewer
  2166 | Sewer    | Noticed Purgy
  2191 | Sewer    | Killed Purgy
  2192 | Sewer    | Reached XP level 5. HP: 20/41 MP: 5/5
  2747 | D:3      | Reached skill level 5 in Long Blades
  2747 | D:3      | Reached XP level 6. HP: 43/47 MP: 6/6
  3366 | D:4      | Noticed Eustachio
  3385 | D:4      | Killed Eustachio
  3386 | D:4      | Reached skill level 5 in Dodging
  3437 | D:4      | Reached XP level 7. HP: 42/53 MP: 7/7
  3571 | D:4      | Reached skill level 6 in Long Blades
  3977 | D:4      | Identified the +11 great mace of Immutrey {vorpal, SInv}
  4338 | D:4      | Reached skill level 1 in Armour
  4357 | D:5      | Entered Level 5 of the Dungeon
  4547 | D:5      | Noticed Edmund
  4551 | D:5      | HP: 2/55 [Edmund (4)]
  4551 | D:5      | Slain by Edmund

Illustrated notes

Levels and vault maps discovered:
D:1:      dpeg_arrival_round_b, layout_loops_ring,
          ebering_ecumenical_altar_rust, minmay_misc_feat_ornament
D:2:      layout_basic, amethyst_killhole
D:3:      layout_basic, gup_sewer_entry_pipe
D:4:      layout_basic, uniq_eustachio
D:5:      layout_rooms, mainiacjoe_overflow_chevrons, serial_shops,
          nicolae_shop_trees, uniq_edmund

Skill      XL: |  1  2  3  4  5  6  7 |
---------------+----------------------+-----
Fighting       | 2 3 4 |  4.3
Throwing       | 2 |  2.0
Dodging        | 4 5 |  5.9
Long Blades    | 4 5 6 |  6.5
Armour         | 1 |  1.2

Action                   |  1- 3 |  4- 6 |  7- 9 || total
-------------------------+-------+-------+-------++-------
Melee: Long sword        |   105 |   222 |    88 ||   415
       Bite              |    13 |    27 |    16 ||    56
Throw: Throwing net      |       |     3 |       ||     3
  Use: Scroll            |       |     4 |     2 ||     6
       Potion            |       |     6 |       ||     6
 Stab: Sleeping          |     2 |       |       ||     2
Armor: Leather armour    |    26 |       |       ||    26
       Ring mail         |       |    73 |       ||    73
       Troll leather arm |       |    61 |    27 ||    88
Dodge: Dodged            |    84 |   228 |    73 ||   385

Table legend: (Time is in decaauts)
 A = Elapsed time spent in this place.
 B = Non-inter-level travel time spent in this place.
 C = Inter-level travel time spent in this place.
 D = Time resting spent in this place.
 E = Time spent auto-exploring this place.
 F = Levels seen in this place.
 G = Mean time per level.
                   A        B        C        D        E       F      G
               +--------+--------+--------+--------+--------+-----+--------+
         Total |   4654 |   4494 |    160 |    461 |   2924 |   6 |  775.7 |
       Dungeon |   4359 |   4199 |    160 |    403 |   2905 |   5 |  871.8 |
         Sewer |    294 |    294 |      0 |     58 |     18 |   1 |  294.0 |
               +--------+--------+--------+--------+--------+-----+--------+

Top non-repeatable levels by time:
     D:3: 1203 daAuts
     D:4: 1154 daAuts
     D:1: 1007 daAuts
     D:2: 798 daAuts
   Sewer: 294 daAuts
     D:5: 195 daAuts
